 Dungeon Crawl Stone Soup version 0.32-a0-576-g706899e69d (webtiles) character file.

Game seed: 14453016191819136537

487 BeKind the Trooper (level 6, -2/57 HPs)
             Began as a Minotaur Berserker on Mar 2, 2024.
             Was a Priest of Trog.
             Slain by Natasha (7 damage)
             ... on level 4 of the Dungeon.
             The game lasted 00:03:25 (3629 turns).

BeKind the Trooper (Minotaur Berserker)             Turns: 3629, Time: 00:03:25

Health: -2/57      AC:  2    Str: 23    XL:     6   Next: 89%
Magic:  5/5        EV: 13    Int:  4    God:    Trog [***...]
Gold:   161        SH:  0    Dex: 10    Spells: 5/5 levels left

rFire   . . .        h - +0 spear (freeze)
rCold   . . .        (no shield)
rNeg    . . .        b - +0 animal skin
rPois   .            (helmet restricted)
rElec   .            (no cloak)
rCorr   +            (no gloves)
SInv    .            (no boots)
Will    .....        (no amulet)
Stlth   +            a - ring of resist corrosion
HPRegen 0.29/turn    (no ring)
MPRegen 0.09/turn

%: no passive effects
@: on berserk cooldown, slowed, very slow
A: horns 2, retaliatory headbutt
a: Renounce Religion, Berserk, Trog's Hand


You were on level 4 of the Dungeon.
You worshipped Trog.
Trog was most pleased with you.
You visited 1 branch of the dungeon, and saw 4 of its levels.

You collected 161 gold pieces.

Inventory:

Hand Weapons
 h - a +0 spear of freezing (weapon)
 k - a +0 heavy halberd
Armour
 b - a +0 animal skin (worn)
Jewellery
 a - a ring of resist corrosion (left hand)
Scrolls
 d - 2 scrolls of blinking {unknown}
 g - 3 scrolls of identify {unknown}
 l - a scroll of torment {unknown}
 m - 2 scrolls of teleportation {unknown}
 n - a scroll of vulnerability {unknown}
 o - 2 scrolls of revelation {unknown}
 p - a scroll of poison {unknown}
Potions
 c - 2 potions of might {unknown}
 e - 2 potions of degeneration {unknown}
 f - 2 potions of attraction {unknown}
 i - a potion of heal wounds {unknown}
 j - a potion of lignification {unknown}


   Skills:
 + Level 5.7 Fighting
 + Level 5.6 Polearms
 + Level 4.9 Armour
 + Level 4.4 Dodging


You had 5 spell levels left.
You didn't know any spells.
Your spell library contained the following spells:

 Spells                   Type           Power      Damage    Failure   Level
 Magic Dart               Conj           0%         1d3       50%         1
 Blink                    Tloc           0%         N/A       65%         2
 Call Imp                 Summ           0%         N/A       65%         2


Dungeon Overview and Level Annotations

Branches:
Dungeon (4/15)             Temple (0/1) D:4

Altars:

Annotations:
D:4 Natasha


Innate Abilities, Weirdness & Mutations

You have a pair of horns on your head.
You reflexively headbutt those who attack you in melee.


Message History

Press: ? - help, Dir - move target, f/p - Natasha
Aim: Natasha (about 44% to evade your +0 spear of freezing)
You closely miss Natasha. Natasha claws you.
* * * LOW HITPOINT WARNING * * *
You barely miss Natasha. Natasha closely misses you. You furiously retaliate!
You headbutt Natasha! You closely miss Natasha. You headbutt Natasha.
You kill Natasha!
Trog accepts your kill.
Trog appreciates your killing of a magic user.
Natasha yowls pathetically as she dies!
You see here the felid corpse of Natasha.
Natasha, Servant of Life and Death comes into view.
You are too injured to fight recklessly!
You are too injured to fight recklessly!
You are too injured to fight recklessly!
Natasha stares at you and mumbles some strange words.
You resist with some effort.
Natasha is nearby!
You are too injured to fight recklessly!
You are too injured to fight recklessly!
Natasha casts a spell at you. The magic dart hits you!
* * * LOW HITPOINT WARNING * * *
Natasha claws you!
* * * LOW HITPOINT WARNING * * *
Reach: h) +0 spear (freeze)
Press: ? - help, Dir - move target, f - Natasha
Aim: Natasha (about 44% to evade your +0 spear of freezing)
You completely miss Natasha. Your headbutt misses Natasha.
Natasha barely misses you.
You closely miss Natasha. You headbutt Natasha.
Natasha is heavily wounded.
Natasha casts a spell at you. You resist with some effort.
You hit Natasha. You freeze Natasha. Your headbutt misses Natasha.
Natasha is severely wounded.
Natasha claws you but does no damage. Natasha claws you!
You die...
Natasha curls up and begins to purr.

.......##..##.#.......#.....#
.......#......###...##.†....#
...........#...###......†...#
...##.....##....#............#
..........###.......#..........
..........# ###...†##..........
..#......)# #....###.....##..#
..#...###.# ##h..........##..#
.##...###.### #.@......#....>..#
......##....###........#.......#
..........#.##=................#
.........##.##..##.............##
.........#...#...............#..#
.........#.⌠.#>..................
.........#...#.......#..##.......
........###.###...####..###...#..
........#.....#.........#####.#..


You could see Natasha.

Vanquished Creatures
  An ogre (D:4)
  Blork the orc (D:4)
  3 iguanas (D:4)
  Natasha (twice) (D:4)
  4 gnolls (D:3)
  6 adders
  4 ribbon worms
  2 dart slugs
  10 orcs (D:3)
  10 bats
  13 endoplasms
  3 giant cockroaches
  5 goblins
  11 hobgoblins
  10 kobolds
  5 quokkas
  5 ball pythons
  3 frilled lizards
  6 rats
104 creatures vanquished.

Notes
Turn   | Place    | Note
-------+----------+-------------------------------------------
     0 | D:1      | BeKind the Minotaur Berserker began the quest for the Orb.
     0 | D:1      | Reached XP level 1. HP: 19/19 MP: 0/0
   128 | D:1      | Reached XP level 2. HP: 27/27 MP: 1/1
   604 | D:1      | Reached XP level 3. HP: 33/33 MP: 2/2
  1063 | D:2      | Reached ** piety under Trog
  1508 | D:2      | Reached XP level 4. HP: 28/41 MP: 3/3
  2075 | D:3      | Reached XP level 5. HP: 45/47 MP: 4/4
  2252 | D:3      | Reached *** piety under Trog
  2330 | D:3      | Found a faded altar of an unknown god.
  3023 | D:4      | Noticed an ogre
  3033 | D:4      | Killed an ogre
  3034 | D:4      | Reached skill level 5 in Fighting
  3034 | D:4      | Reached skill level 5 in Polearms
  3034 | D:4      | Reached XP level 6. HP: 56/56 MP: 5/5
  3138 | D:4      | Found a staircase to the Ecumenical Temple.
  3172 | D:4      | Noticed Blork the orc
  3179 | D:4      | Killed Blork the orc
  3585 | D:4      | Noticed Natasha
  3593 | D:4      | Killed Natasha
  3603 | D:4      | Noticed Natasha
  3613 | D:4      | Killed Natasha
  3620 | D:4      | Noticed Natasha
  3629 | D:4      | Slain by Natasha

Illustrated notes

Levels and vault maps discovered:
D:1:      onia_arrival_mini_spirals, layout_loops_corners, grunt_decor_fettered,
          nrook_campfire, minmay_tromino_i4
D:2:      layout_loops_cross, nicolae_hexahallways, nrook_mini_backslash
D:3:      layout_basic, shapermc_ecumenical_altar_pompeii, serial_bayou_pond_b
D:4:      layout_cave_pools, minmay_temple_entry_antechambers,
          nicolae_shop_i_like_big_books, uniq_blork_the_orc, uniq_natasha

Skill      XL: |  1  2  3  4  5  6 |
---------------+-------------------+-----
Polearms       | 4 5 |  5.6
Fighting       | 4 5 |  5.7
Armour         | 3 4 |  4.9
Dodging        | 3 4 |  4.4

Action                     |  1- 3 |  4- 6 || total
---------------------------+-------+-------++-------
  Melee: Spear             |   117 |   174 ||   291
         Headbutt          |    13 |    19 ||    32
 Invoke: Berserk           |       |     3 ||     3
   Stab: Sleeping          |     2 |     3 ||     5
 Armour: Animal skin       |    42 |    57 ||    99
  Dodge: Dodged            |    42 |    52 ||    94

Table legend: (Time is in decaauts)
 A = Elapsed time spent in this place.
 B = Non-inter-level travel time spent in this place.
 C = Inter-level travel time spent in this place.
 D = Time resting spent in this place.
 E = Time spent auto-exploring this place.
 F = Levels seen in this place.
 G = Mean time per level.
                   A        B        C        D        E       F      G
               +--------+--------+--------+--------+--------+-----+--------+
         Total |   3616 |   3413 |    203 |     48 |   2804 |   4 |  904.0 |
       Dungeon |   3616 |   3413 |    203 |     48 |   2804 |   4 |  904.0 |
               +--------+--------+--------+--------+--------+-----+--------+

Top non-repeatable levels by time:
     D:1: 1025 daAuts
     D:3: 1009 daAuts
     D:2: 932 daAuts
     D:4: 649 daAuts
